 Dungeon Crawl Stone Soup version 0.22-a0-785-g6253c82ace (webtiles) character file.

1656 Mirvelgyr the Cleaver (level 8, -9/109 HPs)
             Began as a Minotaur Berserker on July 20, 2018.
             Was an Elder of Trog.
             Mangled by Grum
             ... wielding a +0 spear
              (12 damage)
             ... on level 8 of the Dungeon.
             The game lasted 00:07:24 (4685 turns).

Mirvelgyr the Cleaver (Minotaur Berserker)          Turns: 4685, Time: 00:07:25

Health: -9/109     AC: 10    Str: 28    XL:     8   Next: 68%
Magic:  0/7        EV: 11    Int:  4    God:    Trog [****..]
Gold:   87         SH:  0    Dex: 11    Spells: 7/7 levels left

rFire    . . .     SeeInvis .   r - +1 hand axe (elec)
rCold    . . .     Gourm    .   (no shield)
rNeg     . . .     Faith    .   j - +0 chain mail
rPois    .         Spirit   +   (helmet restricted)
rElec    .         Reflect  .   q - scarf {Spirit}
rCorr    .         Harm     .   (no gloves)
MR       .....                  (no boots)
Stlth    ..........             (no amulet)
HPRegen  0.28/turn              (no ring)
MPRegen  0.10/turn              (no ring)

@: berserking, very quick
A: retaliatory headbutt, horns 2
a: Berserk, Trog's Hand, Brothers in Arms, Renounce Religion


You were on level 8 of the Dungeon.
You worshipped Trog.
Trog was greatly pleased with you.
You were near starving.

You visited 1 branch of the dungeon, and saw 6 of its levels.

You collected 248 gold pieces.
You spent 161 gold pieces at shops.

Inventory:

Hand Weapons
 r - a +1 hand axe of electrocution (weapon)
Armour
 j - a +0 chain mail (worn)
 q - a scarf of spirit shield (worn)
Jewellery
 h - a cursed -4 ring of intelligence {unknown}
Scrolls
 e - a scroll of enchant weapon
 f - a scroll of enchant armour {unknown}
 i - 6 scrolls of teleportation
 k - a scroll of fog {unknown}
 m - 2 scrolls of identify
 n - a scroll of blinking {unknown}
 o - 2 scrolls of magic mapping
 s - a scroll of fear
 t - 2 scrolls of remove curse
Potions
 a - 2 potions of heal wounds
 b - a potion of cancellation {unknown}
 d - 2 potions of degeneration {unknown}
 g - 2 potions of brilliance {unknown}
 l - a potion of flight {unknown}
 p - 2 potions of curing
Comestibles
 c - 7 rations


   Skills:
 + Level 7.0 Fighting
 * Level 9.2 Axes
 + Level 6.3 Armour
 + Level 5.7 Dodging


You had 7 spell levels left.
You didn't know any spells.
Your spell library was empty.

Dungeon Overview and Level Annotations

Branches:
Dungeon (5/15)             Temple (0/1) D:5

Altars:
Dithmenos
Sif Muna
Trog
Wu Jian
Xom

Shops:
D:4 ??((

Annotations:
D:8 Grum


Innate Abilities, Weirdness & Mutations

You reflexively headbutt those who attack you in melee.
You have a pair of horns on your head.


Message History

* * * LOW HITPOINT WARNING * * *
A red film seems to cover your vision as you go berserk!
You feel yourself moving faster!
You feel mighty!
You are near starving!
The wolf misses you. The wolf barely misses you. Grum closely misses you.
You miss the wolf. You headbutt the wolf.
The wolf is severely wounded.
The wolf bites you but does no damage.
You closely miss the wolf.
You kill the wolf!
Trog accepts your kill.
Your Fighting skill increases to level 7!
Grum closely misses you.
A wolf comes into view.
You closely miss Grum. Grum hits you with a spear!
* * * LOW HITPOINT WARNING * * *
You hit Grum.
Grum is lightly wounded.
Grum hits you with a spear!
You die...

#.######......#.##
#.##..)......###.#
#....#####.##?#.##
###### #(###.##
#.# ### #.# #(#
###.######
#.@......#
#†#g####.# #.#)#
#.#h# ..... #....
#..... #.....
###.#.#


You could see Grum and a wolf.

Vanquished Creatures
  Sigmund (D:2)
  A phantom (D:5)
  3 ogres
  A centaur (D:8)
  3 wolves (D:8)
  A water moccasin skeleton (D:4)
  A howler monkey (D:4)
  5 crimson imps
  4 orc wizards
  2 orc priests (D:3)
  4 worker ants
  A killer bee zombie (D:4)
  7 gnolls
  7 adders
  A shadow imp (D:5)
  4 oozes
  An adder skeleton (D:4)
  7 worms
  4 dart slugs
  4 leopard geckos
  14 orcs
  9 bats
  3 giant cockroaches
  6 goblins
  5 hobgoblins
  11 jackals
  12 frilled lizards
  A jackal skeleton (D:5)
  8 kobolds
  14 rats
145 creatures vanquished.

Notes
Turn   | Place    | Note
-------+----------+-------------------------------------------
     0 | D:1      | Mirvelgyr the Minotaur Berserker began the quest for the Orb.
     0 | D:1      | Reached XP level 1. HP: 19/19 MP: 0/0
    69 | D:1      | Reached skill level 4 in Axes
    69 | D:1      | Reached XP level 2. HP: 3/27 MP: 1/1
   670 | D:1      | Reached XP level 3. HP: 33/33 MP: 2/2
  1063 | D:2      | Found a deep blue altar of Sif Muna.
  1124 | D:2      | Noticed Sigmund
  1135 | D:2      | Killed Sigmund
  1135 | D:2      | Reached skill level 5 in Axes
  1135 | D:2      | Reached XP level 4. HP: 41/41 MP: 3/3
  1135 | D:2      | Reached XP level 5. HP: 47/47 MP: 4/4
  1276 | D:2      | Noticed a moth of wrath
  1409 | D:2      | Reached ** piety under Trog
  1433 | D:2      | Found a shadowy altar of Dithmenos.
  1475 | D:2      | Found a faded altar of an unknown god.
  1874 | D:2      | Found a bloodstained altar of Trog.
  2009 | D:3      | Found a shimmering altar of Xom.
  2026 | D:3      | Reached skill level 6 in Axes
  2026 | D:3      | Reached XP level 6. HP: 42/55 MP: 5/5
  2114 | D:3      | Reached skill level 5 in Fighting
  2154 | D:3      | Reached *** piety under Trog
  2426 | D:3      | Reached XP level 7. HP: 61/61 MP: 6/6
  2565 | D:3      | Reached skill level 7 in Axes
  2981 | D:4      | Reached skill level 5 in Armour
  3266 | D:4      | Reached **** piety under Trog
  3401 | D:4      | Reached XP level 8. HP: 69/70 MP: 7/7
  3486 | D:4      | Found Kixti's Antique Weapon Shop.
  3486 | D:4      | Found Vashoufi's Magic Scroll Shop.
  3486 | D:4      | Found Loack's Magic Scroll Shop.
  3489 | D:4      | Found Guus's Weapon Shop.
  3492 | D:4      | Bought a scroll of identify for 28 gold pieces
  3492 | D:4      | Bought a scroll of identify for 28 gold pieces
  3492 | D:4      | Bought a scroll of identify for 28 gold pieces
  3492 | D:4      | Bought a scroll of magic mapping for 49 gold pieces
  3492 | D:4      | Bought a scroll of identify for 28 gold pieces
  3765 | D:5      | Entered Level 5 of the Dungeon
  3791 | D:5      | Reached skill level 8 in Axes
  3791 | D:5      | Reached skill level 5 in Dodging
  4063 | D:5      | Found a staircase to the Ecumenical Temple.
  4190 | D:5      | Found an ornate altar of the Wu Jian Council.
  4544 | D:5      | You fall through a shaft for 3 floors!
  4670 | D:8      | Noticed Grum
  4677 | D:8      | Reached skill level 9 in Axes
  4684 | D:8      | HP: 2/109 [Grum/spear (15)]
  4685 | D:8      | Mangled by Grum

Vault maps used:
D:1:      lordsloth_arrival_two_stooges, dk_noncrumbling_3, minmay_lizard_pond
D:2:      old_standard_altar, tgw_trog,
          nicolae_dithmenos_through_a_glass_darkly,
          chequers_ecumenical_altar_twisty, uniq_sigmund
D:3:      cheibrodos_helix_gallery, led_xom_imps
D:4:      minmay_shop_grid_forest
D:5:      lemuel_doored_altar, minmay_temple_entry_glassed_door, first_ration
D:8:      nicolae_overflow_hidden_temple, uniq_grum

Skill      XL: |  1  2  3  4  5  6  7  8 |
---------------+-------------------------+-----
Axes           | 4 5 6 7 9 |  9.2
Fighting       | 4 5 6 7 |  7.0
Armour         | 3 4 5 6 |  6.3
Dodging        | 3 4 5 |  5.7

Action                   |  1- 3 |  4- 6 |  7- 9 || total
-------------------------+-------+-------+-------++-------
Melee: Hand axe          |    63 |   126 |   129 ||   318
       Headbutt          |     5 |    20 |    19 ||    44
Invok: Berserk           |     1 |     2 |     2 ||     5
       Trog's Hand       |       |     1 |       ||     1
  Use: Scroll            |       |       |     9 ||     9
  Eat: Chunk             |     1 |     7 |     7 ||    15
Armor: Animal skin       |     8 |       |       ||     8
       Chain mail        |    12 |    55 |    53 ||   120
Dodge: Dodged            |    40 |    51 |    73 ||   164

Table legend:
 A = Spawn XP
 B = Non-spawn XP
 C = Spawn XP percentage of total XP
 D = Spawn monster count
 E = Non-spawn monster count
 F = Spawn count percentage of total count
 G = Total turns spent on level
                    A         B        C        D         E        F      G
               +---------+---------+-------+---------+---------+-------+---------
         Total |       0 |    2366 |   0.0 |       0 |     145 |   0.0 |  4685
               +---------+---------+-------+---------+---------+-------+---------
           D:1 |       0 |      46 |   0.0 |       0 |      27 |   0.0 |  1056
           D:2 |       0 |     319 |   0.0 |       0 |      34 |   0.0 |   930
           D:3 |       0 |     593 |   0.0 |       0 |      41 |   0.0 |   894
           D:4 |       0 |     470 |   0.0 |       0 |      25 |   0.0 |   885
           D:5 |       0 |     482 |   0.0 |       0 |      14 |   0.0 |   779
           D:8 |       0 |     456 |   0.0 |       0 |       4 |   0.0 |   141
               +---------+---------+-------+---------+---------+-------+---------
